 Dungeon Crawl Stone Soup version bcrawl-1.19.2-6-g6a88ae04c9 (webtiles) character file.

Game seed: 12480069333596687555

45 Freyura the Cudgeler (level 3, -3/23 HPs)
             Began as a Skeleton Reaver on Jan 5, 2020.
             Was a Follower of Vehumet.
             Killed by divine providence
             ... invoked by an orc priest
              (11 damage)
             ... on level 2 of the Dungeon.
             The game lasted 00:04:52 (1067 turns).

Freyura the Cudgeler (Skeleton Reaver)              Turns: 1067, Time: 00:04:53

Health: -3/23      AC:  5    Str: 15 (17) XL:     3   Next: 42%
Magic:  0/8        EV: 12    Int: 11 (12) God:    Vehumet [*.....]
Gold:   175        SH:  0    Dex:  7 (8)  Spells: 8/9 levels left

rFire    . . .     SeeInvis .   k - staff of cold
rCold    + + .     Gourm    .   (no shield)
rNeg     + + +     Faith    .   b - +0 steam dragon scales
rPois    ∞         Spirit   +   (no helmet)
rElec    .         Reflect  .   (no cloak)
rCorr    .         Harm     .   (no gloves)
MR       .....                  (no boots)
Stlth    +.........             (no amulet)
HPRegen  0.07/turn              (no ring)
MPRegen  0.11/turn              (no ring)

@: no status effects
A: no food or potions, cold resistance 1, deterioration 1, negative energy
resistance 3, torment resistance, unbreathing, magic shield, sturdy frame 1,
spell healing
a: Renounce Religion


You were on level 2 of the Dungeon.
You worshipped Vehumet.
Vehumet was aware of your devotion.
You were not hungry.

You visited 1 branch of the dungeon, and saw 2 of its levels.

You collected 175 gold pieces.

Inventory:

Hand Weapons
 a - a +0 flail
Armour
 b - +0 steam dragon scales (worn)
Magical Staves
 k - an uncursed staff of cold (weapon)
Scrolls
 c - a scroll of immolation
 d - 5 scrolls of identify {unknown}
 e - a scroll of remove curse {unknown}
 f - 2 scrolls of enchant armour {unknown}
 g - a scroll of noise {unknown}
 h - a scroll of blinking {unknown}
 i - a scroll of enchant weapon {unknown}
 j - a scroll of fear {unknown}


   Skills:
 + Level 3.4 Fighting
 - Level 4.1 Maces & Flails
 + Level 0.0(2.4) Staves
 + Level 3.3 Dodging
 * Level 3.8 Spellcasting


You had 8 spell levels left.
You knew the following spells:

 Your Spells              Type           Power        Failure   Level  Hunger
a - Sting                 Conj/Pois      #...         7%          1    N/A

Your spell library contained the following spells:

 Spells                   Type           Power        Failure   Level  Hunger
 Iskenderun's Battlesphe  Conj/Chrm      #.......     83%         5    N/A

Dungeon Overview and Level Annotations

Branches:
Dungeon (2/12)

Altars:


Innate Abilities, Weirdness & Mutations

You do not eat or drink.
You are immune to poison.
Your flesh is cold resistant. (rC+)
Your body sometimes deteriorates upon taking damage.
You are immune to negative energy. (rN+++)
You are immune to unholy pain and torment.
You can survive without breathing.
When hurt, damage is shared between your health and your magic reserves.
Your movements are slightly less encumbered by armour. (ER -2)
Casting spells heals you.


Message History

You closely miss the orc priest.
The orc priest is severely wounded.
The orc priest looks more healthy.
The orc priest hits you but does no damage.
You hit the orc priest but do no damage.
The orc priest is severely wounded.
The orc priest hits you but does no damage.
Casting: Sting (safe; 7% risk of failure)
Confirm with . or Enter, or press ? or * to list all spells.
Aiming: Sting (safe; 7% risk of failure)
Press: ? - help, Shift-Dir - straight line, f/p - orc priest
Aim: an orc priest, wielding a +1 dagger of electrocution and wearing a +0 ring mail (severely wounded)
The sting hits the orc priest.
The orc priest appears unharmed.
The orc priest is severely wounded.
The orc priest barely misses you.
You barely miss the orc priest.
The orc priest is severely wounded.
The orc priest mumbles some strange prayers to Beogh against you.
Beogh smites you!
You die...

#.........))...........
#########........###.....###.!.
.......########.###.......#....
#.......†...................
###...#######.#.......>.....
###..#### #...............
##....###............###
#.........#.........##
#...#..@o.#.........# #
#...#####.#..!........## #...#
.....<......... #...#
#..........##.. ....#
.......... #.. #..... o.....
#.. #....# ..... #.. ...## #...
#!..


You could see an orc priest.

Vanquished Creatures
  An ooze (D:1)
  2 worms
  2 dart slugs (D:1)
  A leopard gecko (D:1)
  2 giant cockroaches (D:1)
  4 goblins
  3 hobgoblins
  4 bats
  3 frilled lizards
  6 kobolds
  2 rats
30 creatures vanquished.

Notes
Turn   | Place    | Note
-------+----------+-------------------------------------------
     0 | D:1      | Freyura the Skeleton Reaver began the quest for the Orb.
     0 | D:1      | Reached XP level 1. HP: 14/14 MP: 4/4
   163 | D:1      | Reached XP level 2. HP: 18/19 MP: 6/6
   200 | D:1      | Reached skill level 4 in Maces & Flails
   349 | D:1      | Reached * piety under Vehumet
   349 | D:1      | Offered knowledge of Sting by Vehumet.
   349 | D:1      | Reached XP level 3. HP: 18/23 MP: 8/8
  1057 | D:2      | Learned a level 1 spell: Sting
  1067 | D:2      | Killed from afar by an orc priest

Skill      XL: |  1  2 |
---------------+-------+-----
Maces & Flails | 4 |  4.1
Fighting       | |  3.4
Dodging        | |  3.3
Spellcasting   | |  3.8

Action                   || total
-------------------------++-------
Melee: Flail             ||   102
       Staff             ||     8
 Cast: Sting             ||     3
Armor: Steam dragon scal ||    48
Dodge: Dodged            ||    90
